 Dungeon Sprint DCSS version 0.30.1-9-gdf580d7c3d (webtiles) character file.

Game seed: 15245184184638870448

15570 Heoruswealwe the Phalangite (level 12, -6/128 HPs)
             Began as a Minotaur Fighter on Oct 10, 2023.
             Was an Initiate of Gozag.
             Mangled by an orc knight
             ... wielding a +0 great sword
              (19 damage)
             ... in the Dungeon (Sprint IX: "|||||||||||||||||||||||||||||").
             The game lasted 00:15:41 (1795 turns).

Heoruswealwe the Phalangite (Minotaur Fighter)      Turns: 1795, Time: 00:15:42

Health: -6/128     AC: 22    Str: 29    XL:     12   Next: 2%
Magic:  11/11      EV: 10    Int:  5    God:    Gozag
Gold:   6789       SH:  0    Dex: 10    Spells: 11/11 levels left

rFire   . . .        b - +2 halberd (freeze)
rCold   . . .        (shield currently unavailable)
rNeg    . . .        c - +0 plate armour
rPois   .            (helmet restricted)
rElec   .            h - +0 cloak
rCorr   .            (no gloves)
SInv    .            e - +0 pair of boots
Will    .....        (no amulet) Stlth
                     k - +3 ring of strength
HPRegen 0.41/turn    j - +2 ring of evasion
MPRegen 0.12/turn

%: no teleportation
@: gold aura
A: horns 2, retaliatory headbutt
a: Renounce Religion, Potion Petition, Call Merchant, Bribe Branch


You were in the Dungeon.
You worshipped Gozag.
Gozag was greatly pleased with you.
You visited 1 branch You collected 6789 gold pieces.

Inventory:

Hand Weapons
 a - a +0 trident
 b - a +2 halberd of freezing (weapon)
 q - a +0 glaive
Armour
 c - a +0 plate armour (worn)
 d - a +0 buckler
 e - a +0 pair of boots (worn)
 h - a +0 cloak (worn)
Jewellery
 j - a +2 ring of evasion (right hand)
 k - a +3 ring of strength (left hand)
Wands
 p - a wand of roots (10)
Scrolls
 n - a scroll of blinking
 o - 2 scrolls of enchant weapon
Potions
 f - 6 potions of heal wounds
 i - a potion of berserk rage
 l - 2 potions of curing
 m - a potion of might


   Skills:
 + Level 18.6 Fighting
 * Level 24.9 Polearms
 + Level 18.6 Armour
 - Level 3.6 Shields


You had 11 spell levels left.
You didn't know any spells.
Your spell library was empty.

Dungeon Overview and Level Annotations

Branches:
Dungeon (1/1)

Altars:
Cheibriados
Dithmenos
Elyvilon
Fedhas
Gozag
Hepliaklqana
Kikubaaqudgha
Makhleb
Nemelex Xobeh
Okawaru
Qazlal
Ru
Sif Muna
Trog
Uskayaw
Vehumet
Wu Jian
Xom
Yredelemnul
Zin
The Shining One
Jiyva
Lugonu

Shops:
D :[*


Innate Abilities, Weirdness & Mutations

You have a pair of horns on your head.
You reflexively headbutt those who attack you in melee.


Message History

You start resting.
An orc knight is nearby!
You puncture the orc knight! You freeze the orc knight.
Your headbutt misses the orc knight.
The orc knight is lightly wounded.
You impale the orc knight!! You freeze the orc knight!
The orc knight is severely wounded.
You feel a little less mighty now.
The orc knight hits you with a +1 great mace of holy wrath!
* * * LOW HITPOINT WARNING * * *
You hit the orc knight but do no damage.
You headbutt the orc knight!
The orc knight is almost dead.
The orc knight roars a battlecry!
You closely miss the orc knight.
The orc knight is almost dead.
You slash the orc knight! You freeze the orc knight.
You kill the orc knight!
You have reached level 12!
You feel stronger.
You start resting.
An orc knight is nearby!
You barely miss the orc knight. The orc knight barely misses you.
You furiously retaliate!
You headbutt the orc knight. You puncture the orc knight!
You freeze the orc knight.
The orc knight is moderately wounded.
You slash the orc knight! You freeze the orc knight.
The orc knight is moderately wounded.
The orc knight roars a battlecry!
The orc knight attacks as you move away!
The orc knight hits you with a +0 great sword!
* * * LOW HITPOINT WARNING * * *
You closely miss the orc knight.
The orc knight is moderately wounded.
The orc knight completely misses you.
You closely miss the orc knight.
The orc knight is moderately wounded.
The orc knight hits you with a +0 great sword!!
You die...
Your body crumbles into a pile of gold.

▓▓▓▓▓▓▓▓▓▓▓▓▓▓▓▓▓▓▓▓
▓.............')))))
▓$▓▓▓▓▓▓▓▓▓▓▓▓▓▓▓▓▓▓
▓oo@..........).....
▓▓▓▓▓▓▓▓▓▓▓▓▓▓▓▓▓▓▓▓
▓.......'...!.))??..
▓.▓▓▓▓▓▓▓▓▓▓▓▓▓▓▓▓▓▓
▓...................
▓▓▓▓▓▓▓▓▓▓▓▓▓▓▓▓▓▓▓▓
▓<.!.).....).....'__
▓▓▓▓▓▓▓▓▓▓▓▓▓▓▓▓▓▓▓▓


You could see an orc knight (strong) and an orc high priest (strong).

Vanquished Creatures
  Erolcha (D)
  A boulder beetle (D)
  A centaur warrior (D)
  A two-headed ogre (D)
  4 orc high priests (D)
  A skyshark (D)
  2 lindwurms (D)
  7 orc knights (D)
  2 ugly things (D)
  An orc sorcerer (D)
  A cane toad (D)
  An unseen horror (D)
  3 komodo dragons (D)
  2 rime drakes (D)
  2 tyrant leeches (D)
  A troll (D)
  A polar bear (D)
  A shadow (D)
  2 wyverns (D)
  2 yaks (D)
  2 water moccasins (D)
  11 orc warriors (D)
  2 black bears (D)
  An ogre (D)
  A wolf (D)
  A centaur (D)
  4 bullfrogs (D)
  3 orc priests (D)
  2 orc wizards (D)
  An adder (D)
  5 worms (D)
  7 orcs (D)
  2 giant cockroaches (D)
  A quokka (D)
  2 kobolds (D)
82 creatures vanquished.

Notes
Turn   | Place    | Note
-------+----------+-------------------------------------------
     0 | D        | Heoruswealwe the Minotaur Fighter began the quest for the
                  | Orb.
     0 | D        | Reached XP level 1. HP: 19/19 MP: 0/0
     8 | D        | Reached skill level 3 in Polearms
    20 | D        | Noticed a black bear
    20 | D        | Noticed a black bear
    20 | D        | Noticed an ogre
    24 | D        | Reached skill level 4 in Polearms
    24 | D        | Reached XP level 2. HP: 28/28 MP: 1/1
    29 | D        | Killed a black bear
    30 | D        | Reached skill level 8 in Polearms
    30 | D        | Reached XP level 3. HP: 30/38 MP: 2/2
    30 | D        | Reached XP level 4. HP: 36/45 MP: 3/3
    40 | D        | Killed a black bear
    41 | D        | Reached skill level 9 in Polearms
    41 | D        | Reached XP level 5. HP: 35/53 MP: 4/4
    47 | D        | Killed an ogre
    48 | D        | Reached skill level 10 in Polearms
    48 | D        | Reached XP level 6. HP: 30/62 MP: 5/5
    56 | D        | Found a snail-covered altar of Cheibriados.
    56 | D        | Found a shadowy altar of Dithmenos.
    56 | D        | Found a white marble altar of Elyvilon.
    56 | D        | Found a blossoming altar of Fedhas.
    56 | D        | Found an opulent altar of Gozag.
    57 | D        | Found a hazy altar of Hepliaklqana.
    58 | D        | Found a viscous altar of Jiyva.
    59 | D        | Found an ancient bone altar of Kikubaaqudgha.
    60 | D        | Found a corrupted altar of Lugonu.
    61 | D        | Found a burning altar of Makhleb.
    62 | D        | Found a sparkling altar of Nemelex Xobeh.
    63 | D        | Found an iron altar of Okawaru.
    64 | D        | Became a worshipper of Gozag Ym Sagoz the Greedy
    65 | D        | Found a stormy altar of Qazlal.
    66 | D        | Found a sacrificial altar of Ru.
    67 | D        | Found a shimmering blue altar of Sif Muna.
    68 | D        | Found a bloodstained altar of Trog.
    69 | D        | Found a hide-covered altar of Uskayaw.
    70 | D        | Found a radiant altar of Vehumet.
    71 | D        | Found an ornate altar of the Wu Jian Council.
    72 | D        | Found a shimmering altar of Xom.
    73 | D        | Found a basalt altar of Yredelemnul.
    74 | D        | Found a glowing silver altar of Zin.
    75 | D        | Found a glowing golden altar of the Shining One.
   155 | D        | Noticed a troll
   155 | D        | Noticed a yak
   155 | D        | Noticed an orc warrior
   155 | D        | Noticed a shadow
   155 | D        | Noticed a two-headed ogre
   158 | D        | Killed a troll
   159 | D        | Reached skill level 12 in Polearms
   164 | D        | Killed a yak
   165 | D        | Reached skill level 10 in Fighting
   165 | D        | Reached skill level 13 in Polearms
   165 | D        | Reached skill level 10 in Armour
   165 | D        | Reached XP level 7. HP: 41/72 MP: 6/6
   180 | D        | Killed a shadow
   181 | D        | Reached skill level 14 in Polearms
   184 | D        | Killed a two-headed ogre
   185 | D        | Reached skill level 15 in Polearms
   185 | D        | Reached XP level 8. HP: 47/83 MP: 7/7
   300 | D        | Noticed a white ugly thing
   300 | D        | Noticed a centaur warrior
   300 | D        | Noticed a boulder beetle
   300 | D        | Noticed a green ugly thing
   305 | D        | Killed a white ugly thing
   306 | D        | Reached skill level 16 in Polearms
   313 | D        | Killed a centaur warrior
   314 | D        | Reached skill level 17 in Polearms
   314 | D        | Reached XP level 9. HP: 37/93 MP: 8/8
   517 | D        | Killed an unseen horror
   518 | D        | Reached skill level 18 in Polearms
   523 | D        | Killed a green ugly thing
   556 | D        | Killed a boulder beetle
   557 | D        | Reached skill level 19 in Polearms
   888 | D        | Noticed a komodo dragon
   890 | D        | Noticed a komodo dragon
   894 | D        | Reached XP level 10. HP: 91/104 MP: 9/9
   895 | D        | Noticed a cane toad
   917 | D        | Reached skill level 20 in Polearms
   920 | D        | Killed a cane toad
   921 | D        | Reached skill level 15 in Fighting
   921 | D        | Reached skill level 15 in Armour
  1126 | D        | Noticed a skyshark
  1149 | D        | Reached skill level 21 in Polearms
  1152 | D        | Killed a skyshark
  1195 | D        | Noticed a lindwurm
  1200 | D        | Noticed a lindwurm
  1216 | D        | Killed a lindwurm
  1217 | D        | Reached XP level 11. HP: 108/114 MP: 10/10
  1221 | D        | Killed a lindwurm
  1222 | D        | Reached skill level 22 in Polearms
  1369 | D        | Noticed Erolcha
  1377 | D        | Killed Erolcha
  1425 | D        | Noticed an orc sorcerer
  1439 | D        | Killed an orc sorcerer
  1506 | D        | Noticed an orc knight
  1506 | D        | Noticed an orc knight
  1512 | D        | Noticed an orc high priest
  1515 | D        | Killed an orc knight
  1516 | D        | Reached skill level 23 in Polearms
  1523 | D        | Killed an orc knight
  1540 | D        | Killed an orc high priest
  1688 | D        | Found Pemial's Book Emporium.
  1688 | D        | Noticed an orc high priest
  1688 | D        | Noticed an orc knight
  1688 | D        | Noticed an orc high priest
  1688 | D        | Noticed an orc knight
  1688 | D        | Noticed an orc high priest
  1689 | D        | Noticed an orc knight
  1693 | D        | Killed an orc high priest
  1700 | D        | Killed an orc knight
  1701 | D        | Reached skill level 24 in Polearms
  1701 | D        | Found Kanwirus's Armour Shoppe.
  1701 | D        | Noticed an orc knight
  1705 | D        | Killed an orc high priest
  1707 | D        | Noticed an orc knight
  1711 | D        | Killed an orc knight
  1714 | D        | Killed an orc high priest
  1715 | D        | Found Daom's General Store.
  1716 | D        | Noticed an orc knight
  1719 | D        | Killed an orc knight
  1726 | D        | Noticed an orc high priest
  1730 | D        | Killed an orc knight
  1731 | D        | Noticed a soul eater
  1731 | D        | Noticed an orc knight
  1788 | D        | Killed an orc knight
  1789 | D        | Reached XP level 12. HP: 18/128 MP: 11/11
  1795 | D        | Mangled by an orc knight

Illustrated notes

Levels and vault maps discovered:
D:        linesprint [early_d, line_temple, items_1, d_10, items_2, lair_1,
          lair_end, items_3, orc_1, orc_end, items_4, d_15, swamp_1, shoals_1,
          snake_1, spider_1, d_20, vaults_1, items_5, swamp_end, shoals_end,
          snake_end, spider_end, vaults_end, d_27, items_6, zot_1, zot_end,
          crypt_end, forest_end, elf_end, slime_end, tomb_end, abyss_end,
          pan_hell_end]

Skill      XL: |  1  2  3  4  5  6  7  8  9 10 11 |
---------------+----------------------------------+-----
Polearms       | 4 8 9 10 13 15 17 19 21 24 | 24.9
Fighting       | 4 6 7 8 10 11 13 14 16 18 | 18.6
Armour         | 4 6 7 8 10 11 13 14 16 18 | 18.6
Shields        | |  3.6

Action                     |  1- 3 |  4- 6 |  7- 9 | 10-12 || total
---------------------------+-------+-------+-------+-------++-------
  Melee: Trident           |    18 |    19 |       |       ||    37
         Headbutt          |     5 |     4 |     9 |    33 ||    51
         Halberd           |       |     9 |    66 |   198 ||   273
    Use: Potion            |       |     1 |     3 |     5 ||     9
         Scroll            |       |       |     1 |     2 ||     3
 Armour: Scale mail        |     8 |    11 |     2 |       ||    21
         Plate armour      |       |       |    25 |    28 ||    53
  Dodge: Dodged            |     7 |    15 |    19 |    38 ||    79
  Block: Buckler           |     6 |     8 |       |       ||    14
